 Dungeon Crawl Stone Soup version 0.31-a0-620-gd1cbd99268 (webtiles) character file.

Game seed: 11666815994715588283

497 kae the Changeling (level 6, -1/43 HPs)
             Began as a Draconian Shapeshifter on Aug 23, 2023.
             Slain by a black bear (5 damage)
             ... on level 4 of the Dungeon.
             The game lasted 00:03:39 (3093 turns).

kae the Changeling (Draconian Shapeshifter)         Turns: 3093, Time: 00:03:40

Health: -1/43      AC:  2    Str: 17    XL:     6   Next: 93%
Magic:  6/6        EV: 12    Int:  8    God:
Gold:   121        SH:  5    Dex: 14    Spells: 5/5 levels left

rFire   + .          .
                       - Unarmed
rCold   . . .        (shield currently unavailable)
rNeg    . . .        (body armour unavailable)
rPois   .            (helmet restricted)
rElec   .            (no cloak)
rCorr   .            (no gloves)
SInv    .            (no boots)
Will    .....        i - amulet of reflection
Stlth   +            F - ring of protection from fire
HPRegen 0.27/turn    (no ring)
MPRegen 0.10/turn

%: reflection, clarity
@: flux-form, corroded, glowing
A: glow, contaminating, reduced hp, AC +6, unfitting armour, cold-blooded,
clarity, sense surroundings 1
a: Begin Untransformation


You were on level 4 of the Dungeon.
You were something dangerously unstable.
You visited 1 branch of the dungeon, and saw 4 of its levels.

You collected 121 gold pieces.


Innate Abilities, Weirdness & Mutations

You are something dangerously unstable.
You glow with magical radiation, making you easy to see and hit.
Foes you strike become dangerously contaminated with magical radiation.
Your maximum health is decreased, since you lack skill for your form.
You are incapable of wielding weapons or throwing items.
Your plain brown scales are hard. (AC +6)
You cannot fit into any form of body armour.
You are cold-blooded and may be slowed by cold attacks.
You possess an exceptional clarity of mind.
You passively map a small area around you.


   Skills:
 + Level 1.9 Fighting
 - Level 1.7 Dodging
 + Level 5.0 Unarmed Combat
 * Level 6.1 Shapeshifting


You had 5 spell levels left.
You didn't know any spells.
Your spell library contained the following spells:

 Spells                   Type           Power      Damage    Failure   Level
 Slow                     Hex            0%         N/A       41%         1
 Cigotuvi's Dreadful Rot  Necr/Pois/Air  0%         N/A       54%         2
 Confusing Touch          Hex            0%         N/A       78%         3
 Ignite Poison            Fire/Tmut/Pois 0%         N/A       78%         3
 Vampiric Draining        Necr           0%         2d6       78%         3
 Sticky Flame             Conj/Fire      0%         2d3       99%         4
 Freezing Cloud           Conj/Ice/Air   0%         6-21      100%        5
 Ignition                 Fire           0%         3d3       100%        8

Inventory:

Missiles
 g - 37 stones
 k - 3 poisoned darts
Jewellery
 i - an amulet of reflection (around neck)
   (You found it on level 1 of the Dungeon)
 F - a ring of protection from fire (left hand)
   (You found it on level 2 of the Dungeon)
Talismans
 b - a beast talisman
 c - a flux talisman (active)
Scrolls
 e - 2 scrolls of immolation {!r!r}
 f - a scroll of identify {unknown}
 h - a scroll of revelation {unknown}
 j - a scroll of enchant armour
 l - a scroll of brand weapon {unknown}
Potions
 a - a potion of ambrosia {unknown}
 d - 2 potions of curing {@q1}

Dungeon Overview and Level Annotations

Branches:
Dungeon (4/15) Zot: 20913
 Temple: D:4-7

Altars:
Hepliaklqana
Kikubaaqudgha
Nemelex Xobeh
Sif Muna
Trog
Uskayaw
The Shining One

, , ..........................
* , .........................
#./................#####
#.................###..
*#................##... *
##.........<.....#..8. ..,
##................#.... ...
##...#.h...........#._.#
,...###......B...........#....
,
...)#...................#.._.
...........##...........##...
, ...#....####...........###..
,,##..## ##..........#####
*#..### #............... , ,
##...#####.............. ,
#.....###............## ,
,,*##...................###


You could see a black bear (heavy contam).


Message History

g - 33 stones (gained 3)
k - 3 poisoned darts 😎 HP[+4]
Your hp is fully restored (43).
Unknown command.
You pick up a book of Debilitation and begin reading...
You add the spells Slow, Vampiric Draining and Confusing Touch to your library.
Found a hide-covered altar of Uskayaw.
A kobold comes into view. It is wielding a +0 short sword.
Found a sparkling altar of Nemelex Xobeh.
The kobold shouts!
A kobold is nearby!
You block the kobold's attack.
You completely miss the kobold. The kobold barely misses you.
You hit the kobold but do no damage.
The kobold begins to glow.
The kobold misses you.
You hit the kobold but do no damage.
The kobold glows dangerously bright.
You tail-slap the kobold. The kobold hits you but does no damage.
You closely miss the kobold. The kobold barely misses you.
You barely miss the kobold. The kobold barely misses you.
Unknown command.
A kobold is nearby!
You hit the kobold.
You kill the kobold!
No target in view!
g - 37 stones (gained 4)
Things that are here:
a +0 short sword; a kobold corpse
Found a hazy altar of Hepliaklqana.
No target in view!
No target in view!
Found a bloodstained altar of Trog and an ancient bone altar of Kikubaaqudgha.
Unknown command.
Found a shimmering blue altar of Sif Muna.
There is a bloodstained altar of Trog here.
Found a glowing golden altar of the Shining One.
A hobgoblin comes into view.
The hobgoblin shouts!
A hobgoblin is nearby!
The hobgoblin completely misses you.
You hit the hobgoblin.
The hobgoblin begins to glow.
The hobgoblin closely misses you.
You barely miss the hobgoblin. You tail-slap the hobgoblin.
The hobgoblin barely misses you.
You hit the hobgoblin.
You kill the hobgoblin!
No target in view!
No target in view!
Unknown command.
l - a scroll labelled VAWONA LUSK
d - 3 inky potions (gained 1)
A black bear and a jelly come into view.
The black bear growls angrily.
The jelly quivers.
There are monsters nearby!
There are monsters nearby!
There are monsters nearby!
You completely miss the jelly. You hit the jelly.
The jelly begins to glow.
Your hands burn!
You block the black bear's attack. The black bear claws you.
The black bear claws you but does no damage.
The jelly hits you. The acid corrodes you!
You are splashed with acid! 😮 HP[-19]
You take 19 damage, and now have 24/43 hp.
MASSIVE DAMAGE!! (PAUSE)
You hit the jelly but do no damage.
The jelly glows dangerously bright.
Your hands burn!
The black bear bites you.
* * * LOW HITPOINT WARNING * * *
The black bear claws you but does no damage.
The black bear misses you. The jelly barely misses you. 😨 HP[-7]
You take 7 damage, and now have 17/43 hp.
Unknown command.
You hit the jelly but do no damage.
The jelly shudders as magic cascades through it!!
You kill the jelly!
The black bear barely misses you. The black bear closely misses you.
You block the black bear's attack.
You hit the black bear but do no damage.
The black bear begins to glow.
The black bear barely misses you. The black bear claws you.
* * * LOW HITPOINT WARNING * * *
The black bear claws you but does no damage. 😨 HP[-3]
You take 3 damage, and now have 14/43 hp.
You hit the black bear but do no damage.
The black bear glows dangerously bright.
The black bear bites you!
* * * LOW HITPOINT WARNING * * *
The black bear claws you.
* * * LOW HITPOINT WARNING * * *
The black bear barely misses you.
Unknown command. 😱 HP[-9]
You take 9 damage, and now have 5/43 hp.
MASSIVE DAMAGE!! (PAUSE) It was a potion of curing.
You feel better. The black bear bites you!
* * * LOW HITPOINT WARNING * * *
The black bear claws you.
You die...

Skill      XL: |  1  2  3  4  5  6 |
---------------+-------------------+-----
Unarmed Combat | 4 5 |  5.0
Shapeshifting  | 4 5 6 |  6.1
Fighting       | |  1.9
Dodging        | |  1.7

Action                     |  1- 3 |  4- 6 || total
---------------------------+-------+-------++-------
  Melee: Unarmed           |    32 |   179 ||   211
         Tailslap          |     3 |    22 ||    25
         Punch             |     1 |     2 ||     3
    Use: Potion            |     2 |     4 ||     6
         Scroll            |       |     6 ||     6
   Stab: Sleeping          |     1 |       ||     1
 Armour: Skin              |    13 |    43 ||    56
  Dodge: Dodged            |    24 |    86 ||   110
  Block: Other             |       |     8 ||     8
   Form: Flux              |       |     1 ||     1

Levels and vault maps discovered:
D:1:      tarquinn_simple_flora_water_f, layout_rooms
D:2:      layout_basic, hellmonk_ecumenical_altar_blasted, serial_rivers,
          chequers_serial_rivers_small_b, chequers_serial_rivers_room_a,
          chequers_serial_rivers_micro_e, chequers_serial_rivers_micro_b,
          chequers_serial_rivers_micro_e, chequers_serial_rivers_marsh,
          uniq_sigmund
D:3:      layout_basic, amcnicky_mini_rare_corridor_liquid
D:4:      layout_layer_cave, nicolae_overflow_hallway_of_the_gods

Notes
Turn   | Place    | Note
-------+----------+-------------------------------------------
     0 | D:1      | kae the Draconian Shapeshifter began the quest for the Orb.
     0 | D:1      | Reached XP level 1. HP: 16/16 MP: 1/1
     0 | D:1      | magus.rc [v1.11.3]
    78 | D:1      | You add the spells Cigotuvi's Dreadful Rot, Ignite Poison
                  | and Freezing Cloud to your library.
   295 | D:1      | Reached XP level 2. HP: 23/23 MP: 2/2
   605 | D:2      | Noticed Sigmund
   621 | D:2      | Killed Sigmund
   622 | D:2      | Reached skill level 4 in Unarmed Combat
   622 | D:2      | Reached skill level 4 in Shapeshifting
   622 | D:2      | Reached XP level 3. HP: 28/28 MP: 3/3
   622 | D:2      | Reached XP level 4. HP: 35/35 MP: 4/4
   622 | D:2      | Reached XP level 5. HP: 40/40 MP: 5/5
   626 | D:2      | Reached skill level 5 in Shapeshifting
   930 | D:2      | Found a faded altar of an unknown god.
  1866 | D:3      | Noticed an ogre
  1873 | D:3      | Gained mutation: You possess an exceptional clarity of
                  | mind. [potion of mutation]
  1873 | D:3      | Gained mutation: You passively map a small area around you.
                  | [potion of mutation]
  1881 | D:3      | Killed an ogre
  1882 | D:3      | Reached XP level 6. HP: 40/47 MP: 6/6
  2092 | D:3      | Identified the +1 ring mail of Riucow {Int+7}
  2582 | D:4      | You add the spells Sticky Flame and Ignition to your
                  | library.
  2877 | D:4      | Reached skill level 5 in Unarmed Combat
  2877 | D:4      | Reached skill level 6 in Shapeshifting
  2915 | D:4      | You pick up a book of Debilitation and begin reading...
  2915 | D:4      | You add the spells Slow, Vampiric Draining and Confusing
                  | Touch to your library.
  2981 | D:4      | Found a hide-covered altar of Uskayaw.
  2992 | D:4      | Found a sparkling altar of Nemelex Xobeh.
  3004 | D:4      | Found a hazy altar of Hepliaklqana.
  3007 | D:4      | Found a bloodstained altar of Trog.
  3007 | D:4      | Found an ancient bone altar of Kikubaaqudgha.
  3011 | D:4      | Found a shimmering blue altar of Sif Muna.
  3015 | D:4      | Found a glowing golden altar of the Shining One.
  3092 | D:4      | HP: 7/43 [black bear (8)]
  3093 | D:4      | Slain by a black bear

Vanquished Creatures
  Sigmund (D:2)
  An ogre (D:3)
  A phantom (D:4)
  A jelly (D:4)
  3 gnolls (D:3)
  5 adders
  3 worms
  5 dart slugs
  A bat (D:1)
  4 endoplasms
  3 giant cockroaches
  9 goblins
  7 hobgoblins
  4 kobolds
  2 quokkas (D:1)
  4 ball pythons
  2 frilled lizards
  5 rats
61 creatures vanquished.

Table legend:
 A = Non-vault XP
 B = Vault XP
 C = Vault XP percentage of total XP
 D = Non-vault monster count
 E = Vault monster count
 F = Vault count percentage of total count
                 A         B        C        D         E       F
            +---------+---------+-------+---------+---------+-------
      Total |     487 |     223 |  31.4 |      60 |       1 |   1.6
            +---------+---------+-------+---------+---------+-------
        D:1 |      15 |       0 |   0.0 |       9 |       0 |   0.0
        D:2 |      71 |     223 |  75.9 |      16 |       1 |   5.9
        D:3 |     208 |       0 |   0.0 |      25 |       0 |   0.0
        D:4 |     193 |       0 |   0.0 |      10 |       0 |   0.0
            +---------+---------+-------+---------+---------+-------

Skill      XL: |  1  2  3  4  5  6 |
---------------+-------------------+-----
Unarmed Combat | 4 5 |  5.0
Shapeshifting  | 4 5 6 |  6.1
Fighting       | |  1.9
Dodging        | |  1.7

Action                     |  1- 3 |  4- 6 || total
---------------------------+-------+-------++-------
  Melee: Unarmed           |    32 |   179 ||   211
         Tailslap          |     3 |    22 ||    25
         Punch             |     1 |     2 ||     3
    Use: Potion            |     2 |     4 ||     6
         Scroll            |       |     6 ||     6
   Stab: Sleeping          |     1 |       ||     1
 Armour: Skin              |    13 |    43 ||    56
  Dodge: Dodged            |    24 |    86 ||   110
  Block: Other             |       |     8 ||     8
   Form: Flux              |       |     1 ||     1

Illustrated notes

Table legend:
 A = Kills in this place as a percentage of kills in the entire game.
 B = Kills by you in this place as a percentage of kills by you in the entire game.
 C = Kills by friends in this place as a percentage of kills by friends in the entire game.
 D = Other kills in this place as a percentage of other kills in the entire game.
 E = Experience gained in this place as a percentage of experience gained in the entire game.
 F = Experience gained in this place divided by the number of levels of this place that you have seen.
                   A       B       C       D       E      F
               +-------+-------+-------+-------+-------+----------------------
         Total | 100.0 | 100.0 |   N/A |   N/A | 100.0 | 177.5
       Dungeon | 100.0 | 100.0 |   N/A |   N/A | 100.0 | 177.5
               +-------+-------+-------+-------+-------+----------------------

Table legend: (Time is in decaauts)
 A = Elapsed time spent in this place.
 B = Non-inter-level travel time spent in this place.
 C = Inter-level travel time spent in this place.
 D = Time resting spent in this place.
 E = Time spent auto-exploring this place.
 F = Levels seen in this place.
 G = Mean time per level.
                   A        B        C        D        E       F      G
               +--------+--------+--------+--------+--------+-----+--------+
         Total |   3086 |   2968 |    118 |     16 |   2488 |   4 |  771.5 |
       Dungeon |   3086 |   2968 |    118 |     16 |   2488 |   4 |  771.5 |
               +--------+--------+--------+--------+--------+-----+--------+

Top non-repeatable levels by time:
     D:2: 1146 daAuts
     D:3: 841 daAuts
     D:4: 582 daAuts
     D:1: 515 daAuts
